 Dungeon Crawl Stone Soup version 0.19-a0-1815-g4007336 (webtiles) character file.

25468 4thArraOfDagon the Grappler (level 12, -1/118 HPs)
             Began as a Troll Wanderer on Oct 5, 2016.
             Was a Priest of Cheibriados.
             Slain by a yak (15 damage)
             ... on level 12 of the Dungeon.
             The game lasted 00:22:24 (4174 turns).

4thArraOfDagon the Grappler (Troll Wanderer)        Turns: 4174, Time: 00:22:25

Health: -1/118     AC: 10    Str: 30      XL:     12   Next: 89%
Magic:  13/16      EV: 12    Int: 21      God:    Cheibriados [***...]
Gold:   582        SH: 20    Dex: 16 (17) Spells: 3 memorised, 5 levels left

rFire  + . .     SeeInvis .       - Unarmed
rCold  . . .     Gourm    +     d - +0 robe
rNeg   . . .     Faith    .     T - +1 large shield {AC+3}
rPois  +         Spirit   .     N - +2 hat of Bergh {rPois}
rElec  +         Dismiss  .     A - +0 cloak
rCorr  .         Reflect  .     (gloves unavailable)
MR     .....     Harm     +     (boots unavailable)
Stlth  +.........               L - amulet of harm
                                S - ring of fire
                                z - ring of loudness (curse)

@: very slow
A: unfitting armour, claws 3, clever 1, clumsy 1, cold resistance 1, deformed
body, deterioration 1, fast metabolism 3, gourmand, regeneration 1, shaggy fur
1, electricity resistance, tough skin 2, evolution 1, subdued magic 1
a: Bend Time, Temporal Distortion, Renounce Religion


You were on level 12 of the Dungeon.
You worshipped Cheibriados.
Cheibriados was most pleased with you.
You were very full.

You visited 1 branch of the dungeon, and saw 15 of its levels.
You also visited: Sewer.

You collected 684 gold pieces.
You spent 102 gold pieces at shops.

Inventory:

Hand Weapons
 E - a +1 dagger of distortion
 I - a +0 blowgun
Missiles
 D - 2 throwing nets (quivered)
 H - 6 curare-tipped needles
 M - 10 large rocks
Armour
 a - a +2 shield of fire resistance
 d - a +0 robe (worn)
 x - a steam dragon hide
 A - a +0 cloak (worn)
 J - a +2 hat
 N - the +2 hat of Bergh (worn) {rPois}
   (You acquired it on level 15 of the Dungeon)

   It protects you from poison.
 T - a +1 large shield of protection (worn)
Magical Staves
 n - an uncursed staff of death {unknown}
Jewellery
 i - an uncursed amulet of the gourmand
 z - a cursed ring of loudness (left claw)
 L - an amulet of harm (around neck)
 S - a ring of fire (right claw)
Wands
 k - a wand of acid (0/15)
 B - a wand of lightning (5/15)
 C - a wand of slowing (12/48)
 F - a wand of slowing (16/48)
 O - a wand of confusion (22/48)
 V - a wand of lightning (4/15)
 W - a wand of lightning (14/15)
Scrolls
 b - a scroll of blinking
 h - 5 scrolls of teleportation
 j - 2 scrolls of silence {unknown}
 m - a scroll of random uselessness {unknown}
 o - a scroll of immolation {unknown}
 p - 4 scrolls of fear
 r - 3 scrolls of enchant armour {unknown}
 t - 5 scrolls of remove curse {unknown}
 w - 3 scrolls of amnesia {unknown}
 y - 3 scrolls of recharging {unknown}
 G - a scroll of noise
 K - a scroll of vulnerability
 Q - a scroll of enchant weapon {unknown}
 R - a scroll of identify
Potions
 e - 5 potions of curing
 g - a potion of brilliance
 l - a potion of heal wounds
 q - a potion of cancellation
 s - a potion of resistance
 u - 3 potions of ambrosia
 v - 3 potions of flight
 P - a potion of might
 U - a potion of lignification
Comestibles
 c - 3 meat rations
 f - 6 bread rations


   Skills:
 + Level 7.3 Fighting
   Level 1.0 Axes
 - Level 1.5 Staves
 + Level 6.7 Dodging
 - Level 1.0 Stealth
 * Level 9.9 Shields
 * Level 12.4 Unarmed Combat
 + Level 7.4 Invocations


You had 5 spell levels left.
You knew the following spells:

 Your Spells              Type           Power        Failure   Level  Hunger
a - Blink                 Tloc           N/A          77%         2    ###....
b - Repel Missiles        Chrm/Air       #.....       77%         2    ###....
c - Passwall              Tmut/Erth      #.........   77%         2    ###....


Dungeon Overview and Level Annotations

Branches:
Dungeon (15/15)               Orc (0/2) D:9          Vaults (0/5) D:13
 Temple: D:4-7         Lair: D:8-11      Depths: D:15

Altars:
Cheibriados
Okawaru
Uskayaw

Shops:
D:15 ?[[(

Portals:
Trove: D:13 (give +3 storm dragon armour)

Annotations:
D:13 Nessos


Innate Abilities, Weirdness & Mutations

You are too large for most types of armour.
You have claws for hands.
Your metabolism is lightning-fast.
You like to eat raw meat.
Your natural rate of healing is unusually fast.
You are covered in fur. (AC +1)
You have very tough skin. (AC +2)
Your mind is acute. (Int +2)
You are clumsy. (Dex -2)
Your flesh is cold resistant. (rC+)
Armour fits poorly on your strangely shaped body.
Your body sometimes deteriorates upon taking damage.
You are resistant to electric shocks. (rElec)
You evolve.
Your spells are a little easier to cast, but a little less powerful.


Message History

The yak seems to slow down.
You feel slightly less full. You block the yak's attack.
Unknown command.
You claw the yak!
The yak is moderately wounded.
The yak gores you!
* * * LOW HITPOINT WARNING * * *
Your body deteriorates!
You feel clumsy.
You are too injured to fight recklessly!
You are too injured to fight recklessly!
You are too injured to fight recklessly!
Unknown command.
You closely miss the yak.
The yak is moderately wounded.
You block the yak's attack.
Unknown command.
You barely miss the yak.
The yak is moderately wounded.
The yak gores you!
You die...

##################
#.................
#.................
#.................
#.........>.......
#............)...#
#.............Y..#
#....†...........+
#....@Y..######..#
#.....Y..# .#
####.....# #
#.....# #.....#
#.....# #.....#
......#


You could see 2 yaks.

Vanquished Creatures
  Harold (D:11)
  Erolcha (D:10)
  3 vault guards (D:13)
  A centaur warrior (D:14)
  A tengu warrior (D:15)
  Sonja (D:11)
  2 unseen horrors
  3 wizards (D:13)
  An orc knight (D:15)
  Pikel (D:5)
  An ugly thing (D:13)
  3 cyclopes
  A centaur zombie (D:10)
  Psyche (D:11)
  2 centaur skeletons (D:13)
  A yaktaur (D:13)
  A troll (D:13)
  3 meliai (D:9)
  A hornet (D:14)
  2 two-headed ogres
  4 slime creatures (D:13)
  A meliai zombie (D:14)
  A hippogriff (D:10)
  A shadow (D:14)
  A wyvern (D:14)
  2 wraiths
  2 hill giant zombies (D:9)
  13 yaks
  17 humans (D:13)
  A steam dragon (D:8)
  2 vampire mosquitoes (D:15)
  2 mottled dragons (D:14)
  Menkaure (D:5)
  2 insubstantial wisps (D:8)
  2 wargs (D:15)
  4 orc warriors
  An eye of draining (D:13)
  5 sky beasts
  An ice beast (D:10)
  A slave (D:5)
  A hornet zombie (D:6)
  2 phantoms (D:9)
  8 ogres
  6 centaurs
  2 crocodiles
  A big kobold (D:14)
  3 bullfrogs
  A scorpion (D:8)
  A scorpion (shapeshifter) (D:14)
  8 killer bees
  10 wights
  An electric eel (D:14)
  4 howler monkeys
  3 crimson imps
  A bullfrog zombie (D:10)
  2 bullfrog skeletons
  4 hounds
  4 jellies
  3 orc priests
  3 orc wizards
  3 iguanas
  5 worker ants
  6 ogre zombies (D:9)
  A hound skeleton (D:10)
  11 adders
  A shadow imp (D:9)
  An adder skeleton (D:7)
  An adder zombie (D:6)
  2 worms (D:5)
  A dart slug (D:5)
  2 leopard geckos (D:6)
  19 orcs
  2 giant cockroaches (D:6)
  4 goblins
  A hobgoblin (D:1)
  2 jackals (Sewer)
  3 quokkas
  A bat (D:1)
  A frilled lizard (D:3)
  3 goblin zombies (D:9)
  A hobgoblin skeleton (D:9)
  2 hobgoblin zombies (D:9)
  A jackal zombie (D:5)
  8 kobolds
  A leopard gecko skeleton (D:4)
  3 orc skeletons (D:9)
  16 orc zombies (D:9)
  2 rats (D:1)
267 creatures vanquished.

Vanquished Creatures (others)
  A kobold (D:14)
1 creature vanquished.

Grand Total: 268 creatures vanquished

Notes
Turn   | Place    | Note
-------+----------+-------------------------------------------
     0 | D:1      | 4thArraOfDagon the Troll Wanderer began the quest for the Orb.
     0 | D:1      | 4thArraOfDagon set off with: a +2 dagger, a scroll of blinking, a +0 quarterstaff, a +0 robe, 2 bread rations
     0 | D:1      | Reached XP level 1. HP: 22/22 MP: 0/0
    31 | D:1      | Reached skill level 1 in Unarmed Combat
    84 | D:2      | Reached skill level 2 in Unarmed Combat
    84 | D:2      | Reached XP level 2. HP: 21/29 MP: 1/1
   111 | D:3      | Reached XP level 3. HP: 35/36 MP: 2/2
   133 | D:3      | Noticed a bullfrog
   143 | D:3      | Reached skill level 3 in Unarmed Combat
   193 | D:3      | Killed a bullfrog
   193 | D:3      | Reached skill level 4 in Unarmed Combat
   193 | D:3      | Reached XP level 4. HP: 13/44 MP: 3/3
   292 | D:5      | Entered Level 5 of the Dungeon
   294 | D:5      | Found a snail-covered altar of Cheibriados.
   299 | D:5      | Became a worshipper of Cheibriados the Contemplative
   300 | D:5      | meh
   300 | D:5      | why
   310 | D:5      | Reached XP level 5. HP: 46/50 MP: 4/4
   391 | D:5      | Noticed Menkaure
   403 | D:5      | HP: 2/50 [Menkaure (11)]
   405 | D:5      | Killed Menkaure
   405 | D:5      | Reached skill level 5 in Unarmed Combat
   405 | D:5      | Reached skill level 1 in Invocations
   405 | D:5      | Reached XP level 6. HP: 4/59 MP: 4/6
   521 | D:5      | Noticed a slave
   539 | D:5      | Killed a slave
   562 | D:5      | Noticed Pikel
   562 | D:5      | Noticed a slave
   562 | D:5      | Noticed a slave
   563 | D:5      | Noticed a slave
   578 | D:5      | Killed Pikel
   578 | D:5      | Reached skill level 6 in Unarmed Combat
   578 | D:5      | Reached XP level 7. HP: 49/67 MP: 4/7
   639 | D:5      | jacquesderrida: :D
   726 | D:6      | 4thArraOfDagon: ho
   741 | D:6      | Reached XP level 8. HP: 71/75 MP: 8/8
   817 | D:6      | Reached * piety under Cheibriados
   871 | D:6      | Reached skill level 7 in Unarmed Combat
  1022 | D:6      | Found a glowing drain.
  1032 | D:6      | Reached ** piety under Cheibriados
  1036 | Sewer    | Entered a sewer
  1291 | D:7      | Reached XP level 9. HP: 84/84 MP: 10/10
  1363 | D:7      | Reached skill level 5 in Shields
  1414 | D:7      | Learned a level 2 spell: Blink
  1417 | D:7      | Learned a level 2 spell: Repel Missiles
  1463 | D:7      | Found a hide-covered altar of Uskayaw.
  1467 | D:7      | Found an iron altar of Okawaru.
  1528 | D:8      | Reached *** piety under Cheibriados
  1553 | D:8      | Learned a level 2 spell: Passwall
  1601 | D:8      | Gained mutation: Your spells are a little easier to cast, but a little less powerful. [mutagenic meat]
  1619 | D:8      | Gained mutation: You are frail. (-10% HP) [mutagenic meat]
  1637 | D:8      | HP: 3/76 [orc warrior/dire flail (21)]
  1638 | D:8      | Reached skill level 8 in Unarmed Combat
  1642 | D:8      | Gained mutation: Your mind is acute. (Int +2) [mutagenic meat]
  1645 | D:8      | Gained mutation: You evolve. [mutagenic meat]
  1648 | D:8      | Gained mutation: You are clumsy. (Dex -2) [mutagenic meat]
  1733 | D:8      | Gained mutation: You are resistant to electric shocks. (rElec) [mutagenic meat]
  1739 | D:8      | Gained mutation: Your body sometimes deteriorates upon taking damage. [mutagenic meat]
  1742 | D:8      | Gained mutation: You are very clumsy. (Dex -4) [mutagenic meat]
  1745 | D:8      | Lost mutation: You are very clumsy. (Dex -4) [mutagenic meat]
  1887 | D:8      | Gained mutation: Your flesh is cold resistant. (rC+) [mutagenic meat]
  1893 | D:8      | Gained mutation: Armour fits poorly on your strangely shaped body. [mutagenic meat]
  1899 | D:8      | Lost mutation: You are frail. (-10% HP) [mutagenic meat]
  2028 | D:9      | Reached **** piety under Cheibriados
  2036 | D:9      | Found a staircase to the Orcish Mines.
  2069 | D:9      | Reached XP level 10. HP: 65/94 MP: 12/12
  2095 | D:9      | Reached skill level 5 in Fighting
  2191 | D:10     | Entered Level 10 of the Dungeon
  2220 | D:10     | Noticed Erolcha
  2231 | D:10     | Killed Erolcha
  2231 | D:10     | Reached skill level 9 in Unarmed Combat
  2231 | D:10     | Reached skill level 5 in Invocations
  2457 | D:10     | Reached skill level 5 in Dodging
  2597 | D:11     | Noticed Harold
  2604 | D:11     | Noticed Psyche
  2614 | D:11     | Killed Psyche
  2614 | D:11     | Reached skill level 10 in Unarmed Combat
  2620 | D:11     | Killed Harold
  2620 | D:11     | Reached XP level 11. HP: 58/105 MP: 9/14
  2770 | D:11     | Noticed Sonja
  2771 | D:11     | Killed Sonja
  2974 | D:13     | Killed an unseen horror
  3086 | D:13     | Noticed a red ugly thing
  3097 | D:13     | Killed a red ugly thing
  3121 | D:13     | Noticed Nessos
  3244 | D:13     | Reached skill level 11 in Unarmed Combat
  3250 | D:13     | Noticed a wizard
  3259 | D:13     | Killed a wizard
  3316 | D:13     | Reached XP level 12. HP: 113/115 MP: 15/15
  3380 | D:13     | Noticed a vault guard
  3384 | D:13     | Noticed a vault guard
  3387 | D:13     | Killed a vault guard
  3394 | D:13     | Noticed a vault guard
  3404 | D:13     | Killed a vault guard
  3410 | D:13     | Killed a vault guard
  3430 | D:13     | Found a gate to the Vaults.
  3661 | D:14     | Reached skill level 12 in Unarmed Combat
  3681 | D:14     | Noticed a centaur warrior
  3690 | D:14     | Killed a centaur warrior
  3707 | D:13     | Found a portal to a secret trove of treasure.
  3757 | D:13     | Noticed a seven-headed hydra
  3841 | D:14     | You fall through a shaft!
  3841 | D:15     | Entered Level 15 of the Dungeon
  3841 | D:15     | Found Jidurch's Armour Shop.
  3869 | D:15     | Found Cuptid's Magic Scroll Boutique.
  3892 | D:15     | Bought a scroll of identify for 34 gold pieces
  3892 | D:15     | Bought a scroll of identify for 34 gold pieces
  3892 | D:15     | Bought a scroll of identify for 34 gold pieces
  3894 | D:15     | Identified 3 scrolls of acquirement
  3910 | D:15     | Got a steaming hat
  3921 | D:15     | Identified the +2 hat of Bergh {rPois} (You acquired it on level 15 of the Dungeon)
  3943 | D:15     | Noticed a four-headed hydra
  3970 | D:15     | Found Lyludext's Weapon Shop.
  3998 | D:15     | Noticed a tengu warrior
  4023 | D:15     | Killed a tengu warrior
  4102 | D:15     | Found Efuarghi's Antique Armour Boutique.
  4174 | D:12     | Slain by a yak

Vault maps used:
D:1:      shiori_arrival_oz
D:3:      marbit_many_paths
D:4:      tso_altar, first_bread, led_xom_imps
D:5:      kennysheep_slug_shrine, uniq_menkaure, uniq_pikel
D:6:      gup_sewer_entry_pipe
D:7:      overflow_temple_1_default, minitemple, fountainhead
D:8:      kennysheep_mini, hangedman_misty_isle
D:9:      lemuel_blue_sif_altar, zombieorc2_lemuel
D:10:     uniq_erica, uniq_erolcha
D:11:     minmay_lair_entry_lava, uniq_sonja, uniq_harold, uniq_psyche
D:12:     serial_shops, shop, spider_trap, the_bakery
D:13:     grunt_vaults_entry_tiered, enter_trove_1, uniq_nessos
D:14:     serial_bayou, serial_bayou_pond_d, serial_bayou_ford_a,
          serial_bayou_shore_a, serial_bayou_lagoon_a
D:15:     grunt_enter_depths_hoard, minmay_misc_feat_room, serial_shops,
          nicolae_shop_behind_doors, nicolae_shop_behind_doors, shop,
          nicolae_shop_stone, nicolae_shop_temple_entry_statues_fountains,
          uniq_josephine
Sewer:    sewer_the_crocodile

Skill      XL: |  1  2  3  4  5  6  7  8  9 10 11 12 |
---------------+-------------------------------------+-----
Unarmed Combat | 2 4 5 6 7 8 10 11 12 | 12.4
Invocations    | 1 2 3 4 5 6 7 |  7.4
Fighting       | 3 4 5 6 7 |  7.3
Dodging        | 2 3 4 5 6 |  6.7
Shields        | 2 3 4 6 7 8 9 |  9.9
Axes           | |  1.0
Staves         | |  1.5
Stealth        | |  1.0

Action                   |  1- 3 |  4- 6 |  7- 9 | 10-12 || total
-------------------------+-------+-------+-------+-------++-------
Melee: Unarmed           |    58 |    57 |   348 |   480 ||   943
       Dagger            |     3 |       |       |       ||     3
       Punch             |       |     1 |       |       ||     1
Throw: Throwing net      |       |       |       |     1 ||     1
Invok: Bend Time         |       |     1 |     1 |     2 ||     4
       Slouch            |       |       |       |     9 ||     9
       Temporal Distorti |       |       |       |     3 ||     3
Evoke: Wand              |       |       |     4 |     1 ||     5
  Use: Scroll            |       |     2 |     6 |    11 ||    19
       Potion            |       |     1 |     1 |     2 ||     4
 Stab: Sleeping          |     1 |     1 |       |       ||     2
  Eat: Chunk             |     5 |     4 |    27 |    16 ||    52
       Pizza             |       |     1 |       |       ||     1
Armor: Robe              |    30 |     8 |    56 |    54 ||   148
       Skin              |       |     1 |     8 |       ||     9
Dodge: Dodged            |    35 |    13 |    93 |   163 ||   304
Block: Shield            |       |     7 |   176 |   284 ||   467
       Large shield      |       |       |       |    76 ||    76
